 Dungeon Crawl Stone Soup version 0.31-a0-277-g31ea1f65cc (webtiles) character file.

Game seed: 1641495383094947638

785 pokeman the Thaumaturge (level 7, -6/38 HPs)
             Began as a Deep Elf Hedge Wizard on July 15, 2023.
             Mangled by Menkaure (15 damage)
             ... on level 5 of the Dungeon.
             The game lasted 00:08:36 (5044 turns).

pokeman the Thaumaturge (Deep Elf Hedge Wizard)     Turns: 5044, Time: 00:08:36

Health: -6/38      AC:  6    Str:  7    XL:     7   Next: 56%
Magic:  7/20       EV: 13    Int: 21    God:
Gold:   202        SH:  0    Dex: 14    Spells: 4/22 levels left

rFire   . . .        j - +1 dagger (venom)
rCold   . . .        (no shield)
rNeg    . . .        b - +0 robe
rPois   .            s - +2 hat
rElec   .            (no cloak)
rCorr   .            (no gloves)
SInv    .            a - +1 pair of boots
Will    .....        (no amulet)
Stlth   ++           u - ring of flight
HPRegen 0.26/turn    (no ring)
MPRegen 0.17/turn

%: no passive effects
@: on blink cooldown, flying
A: no striking features
a: no special abilities


You were on level 5 of the Dungeon.
You visited 1 branch of the dungeon, and saw 5 of its levels.

You collected 299 gold pieces.
You spent 97 gold pieces at shops.

Inventory:

Hand Weapons
 j - a +1 dagger of venom (weapon)
Armour
 a - a +1 pair of boots (worn)
 b - a +0 robe (worn)
 s - a +2 hat (worn)
Jewellery
 u - a ring of flight (left hand)
Wands
 p - a wand of flame (14)
Scrolls
 c - a scroll of noise {unknown}
 e - 9 scrolls of identify {unknown}
 f - 2 scrolls of teleportation {unknown}
 h - 2 scrolls of immolation {unknown}
 i - 2 scrolls of amnesia {unknown}
 l - a scroll of vulnerability {unknown}
 n - a scroll of fear {unknown}
 o - a scroll of revelation {unknown}
 q - 2 scrolls of summoning {unknown}
Potions
 d - a potion of magic
 g - 2 potions of might {unknown}
 k - a potion of lignification {unknown}
 m - 3 potions of curing {unknown}
 r - a potion of invisibility {unknown}
 t - a potion of attraction {unknown}


   Skills:
 - Level 1.0 Fighting
 - Level 1.0 Armour
 - Level 3.0 Dodging
 - Level 3.1 Stealth
 * Level 8.4 Spellcasting
 + Level 4.1 Conjurations
 - Level 1.1 Summonings
 - Level 1.1 Translocations
 - Level 2.0 Transmutations
 + Level 1.9 Ice Magic
 - Level 1.0 Air Magic
 - Level 1.0 Poison Magic
 - Level 2.2 Evocations


You had 4 spell levels left.
You knew the following spells:

 Your Spells              Type           Power      Damage    Failure   Level
a - Magic Dart            Conj           100%       1d8       1%          1
b - Mephitic Cloud        Conj/Pois/Air  17%        N/A       10%         3
c - Call Imp              Summ           26%        N/A       8%          2
d - Blink                 Tloc           26%        N/A       8%          2
e - Irradiate             Conj/Tmut      10%        3d15      52%         5
f - Freezing Cloud        Conj/Ice/Air   9%         6-21      63%         5

Your spell library contained the following spells:

 Spells                   Type           Power      Damage    Failure   Level
 Kiss of Death            Conj/Necr      68%        2d10      3%          1
 Apportation              Tloc           26%        N/A       4%          1
 Summon Small Mammal      Summ           52%        N/A       4%          1
 Necrotise                Necr           32%        1d5       8%          1
 Slow                     Hex            32%        N/A       8%          1
 Ensorcelled Hibernation  Hex/Ice        26%        N/A       8%          2
 Poisonous Vapours        Pois/Air       26%        N/A       8%          2
 Cigotuvi's Dreadful Rot  Necr/Pois/Air  22%        N/A       9%          2
 Sublimation of Blood     Necr           8%         N/A       12%         2
 Vhi's Electric Charge    Tloc/Air       26%        N/A       16%         3
 Petrify                  Tmut/Erth      13%        N/A       45%         4
 Anguish                  Hex/Necr       4%         N/A       58%         4
 Arcjolt                  Conj/Air       9%         1d19      58%         5
 Maxwell's Capacitive Co  Air            6%         ∞         100%        8


Dungeon Overview and Level Annotations

Branches:
Dungeon (5/15)
 Temple: D:4-7

Altars:
Xom

Shops:
D:2 :   D:4 *

Annotations:
D:5 1 runed translucent door, Menkaure; Theyli's ghost, novice DrSh


Message History

* * * LOW HITPOINT WARNING * * *
Casting: Magic Dart (safe; 1% risk of failure)
Confirm with . or Enter, or press ? or * to list all spells.
You miscast Call Imp.
You are very lightly contaminated with residual magic.
Nothing appears to happen.
Unknown command.
Casting: Call Imp (safe; 8% risk of failure)
Confirm with . or Enter, or press ? or * to list all spells.
A tiny devil pulls itself out of the air.
Unknown command.
Menkaure attacks as you move away! Menkaure hits you.
* * * LOW HITPOINT WARNING * * *
Your cerulean imp hits Menkaure but does no damage.
Unknown command.
You swap places.
Your cerulean imp barely misses Menkaure.
Casting: Call Imp (safe; 8% risk of failure)
Confirm with . or Enter, or press ? or * to list all spells.
You blink.
Your cerulean imp hits Menkaure but does no damage.
Your cerulean imp hits Menkaure but does no damage.
There is an open door here.
You reach down and close the door.
Your magical contamination has completely faded away.
You feel stable enough to blink again.
Menkaure opens the door.
Casting: Blink (safe; 8% risk of failure)
Confirm with . or Enter, or press ? or * to list all spells.
A tiny devil pulls itself out of the air.
You swap places.
Menkaure hits your cerulean imp but does no damage.
Your cerulean imp closely misses Menkaure.
Menkaure hits your cerulean imp!!
Your cerulean imp dies!
Your cerulean imp disappears in a puff of smoke!
Casting: Call Imp (safe; 8% risk of failure)
Confirm with . or Enter, or press ? or * to list all spells.
You blink.
Menkaure hits you!
You die...

#########.#### #
####............# #
........##........# #
.#.......#........###
##....###.......#.......
#....##⌠##..........####
#...##...##......>..#
#..##..!..##..§.....#
#..#⌠..♣...+..##@####
...##..?..##..##M#
....##...##...##o#
.#...##⌠##...###'##
.#....###...###...##
.#.........###.....##
.#.##.....###o......##
o#.##.....##.5.......####...
...........'.........'......


You could see Menkaure (fast) and an orc.

Vanquished Creatures
  Grinder (D:3)
  A water moccasin (D:5)
  An ice beast (D:5)
  An ogre (D:5)
  A scorpion (D:5)
  A hound (D:5)
  An iguana (D:5)
  Natasha (thrice) (D:3)
  Terence (D:3)
  A gnoll (D:1)
  4 adders
  An ufetubus (D:5)
  A worm (D:2)
  2 dart slugs
  12 orcs
  8 ball pythons
  4 bats
  9 endoplasms
  8 goblins
  4 hobgoblins
  4 jackals (D:1)
  6 kobolds
  2 quokkas
  3 frilled lizards
  4 rats (D:1)
84 creatures vanquished.

Vanquished Creatures (collateral kills)
  A worm (D:2)
  A hobgoblin (D:3)
2 creatures vanquished.

Grand Total: 86 creatures vanquished

Notes
Turn   | Place    | Note
-------+----------+-------------------------------------------
     0 | D:1      | pokeman the Deep Elf Hedge Wizard began the quest for the
                  | Orb.
     0 | D:1      | Reached XP level 1. HP: 10/10 MP: 7/7
   360 | D:1      | Reached XP level 2. HP: 16/16 MP: 4/9
   773 | D:1      | Reached skill level 5 in Spellcasting
  1006 | D:1      | Reached XP level 3. HP: 13/20 MP: 6/11
  1013 | D:1      | Learned a level 3 spell: Mephitic Cloud
  1016 | D:1      | Learned a level 2 spell: Call Imp
  1019 | D:1      | Learned a level 2 spell: Blink
  1399 | D:1      | Reached skill level 1 in Fighting
  1542 | D:2      | Reached skill level 1 in Armour
  1659 | D:2      | Found a faded altar of an unknown god.
  1666 | D:2      | Got Plato's Thoughts on Unhallowed Arts
  1725 | D:2      | Found Syti's Book Emporium.
  1857 | D:2      | Found a shimmering altar of Xom.
  2304 | D:3      | Noticed Natasha
  2306 | D:3      | Reached XP level 4. HP: 25/25 MP: 5/13
  2325 | D:3      | Killed Natasha
  2368 | D:3      | Noticed Natasha
  2378 | D:3      | Killed Natasha
  2379 | D:3      | Reached skill level 6 in Spellcasting
  2477 | D:3      | Reached XP level 5. HP: 29/29 MP: 8/15
  2539 | D:3      | Noticed Natasha
  2548 | D:3      | Killed Natasha
  2672 | D:3      | Noticed Terence
  2695 | D:3      | Killed Terence
  2765 | D:3      | Learned a level 5 spell: Irradiate
  2826 | D:3      | Reached skill level 1 in Air Magic
  2826 | D:3      | Reached skill level 1 in Poison Magic
  3008 | D:3      | Noticed Grinder
  3140 | D:3      | Paralysed by Grinder for 2 turns
  3142 | D:3      | Killed Grinder
  3143 | D:3      | Reached skill level 7 in Spellcasting
  3143 | D:3      | Reached skill level 1 in Transmutations
  3143 | D:3      | Reached skill level 1 in Evocations
  3143 | D:3      | Reached XP level 6. HP: 27/34 MP: 1/18
  3639 | D:4      | Found Yxtim's Assorted Antiques.
  3675 | D:4      | Bought a scroll labelled PARGHU TEONIS for 25 gold pieces
  3675 | D:4      | Bought a scroll labelled SOS BASOEH for 25 gold pieces
  3675 | D:4      | Bought a sedimented yellow potion for 22 gold pieces
  3675 | D:4      | Bought a scroll labelled LIANWO UJESE for 25 gold pieces
  4207 | D:5      | Entered Level 5 of the Dungeon
  4278 | D:5      | Learned a level 5 spell: Freezing Cloud
  4380 | D:5      | Noticed a water moccasin
  4396 | D:5      | Killed a water moccasin
  4397 | D:5      | Reached XP level 7. HP: 11/38 MP: 11/20
  4499 | D:5      | Reached skill level 1 in Ice Magic
  4642 | D:5      | Reached skill level 8 in Spellcasting
  4778 | D:5      | Found a runed translucent door.
  4782 | D:5      | Noticed Theyli's ghost (novice DrSh)
  4979 | D:5      | Noticed Menkaure
  5044 | D:5      | Mangled by Menkaure

Illustrated notes

Levels and vault maps discovered:
D:1:      minmay_arrival_jagged, layout_basic
D:2:      layout_basic, shapermc_ecumenical_altar_rom_forum, basic_altar,
          serial_shops, shop, wad_floor_pattern_untrapped
D:3:      layout_loops_corners, minmay_liquid_box, uniq_terence, uniq_natasha,
          uniq_grinder
D:4:      layout_loops_ring, serial_shops, shop
D:5:      layout_loops_corners, hellmonk_ghost_happy_afterlife,
          minmay_misc_feat_hallway, uniq_menkaure

Skill      XL: |  1  2  3  4  5  6  7 |
---------------+----------------------+-----
Spellcasting   | 5 6 7 8 |  8.4
Fighting       | 1 |  1.0
Armour         | 1 |  1.0
Conjurations   | 2 3 4 |  4.1
Dodging        | 3 |  3.0
Stealth        | 3 |  3.1
Air Magic      | 1 |  1.0
Poison Magic   | 1 |  1.0
Transmutations | 1 2 |  2.0
Evocations     | 1 2 |  2.2
Ice Magic      | 1 |  1.9
Summonings     | |  1.1
Translocations | |  1.1

Action                     |  1- 3 |  4- 6 |  7- 9 || total
---------------------------+-------+-------+-------++-------
  Melee: Dagger            |    19 |    58 |     8 ||    85
         Punch             |       |     3 |       ||     3
   Fire: Longbow           |     4 |       |       ||     4
   Cast: Magic Dart        |   103 |    59 |    28 ||   190
         Mephitic Cloud    |     2 |     5 |     2 ||     9
         Call Imp          |     1 |     4 |     4 ||     9
         Blink             |       |     1 |     2 ||     3
   Stab: Confused          |     3 |     2 |       ||     5
 Armour: Robe              |    12 |     5 |     1 ||    18
  Dodge: Dodged            |    34 |    36 |     6 ||    76

Table legend: (Time is in decaauts)
 A = Elapsed time spent in this place.
 B = Non-inter-level travel time spent in this place.
 C = Inter-level travel time spent in this place.
 D = Time resting spent in this place.
 E = Time spent auto-exploring this place.
 F = Levels seen in this place.
 G = Mean time per level.
                   A        B        C        D        E       F      G
               +--------+--------+--------+--------+--------+-----+--------+
         Total |   5053 |   5000 |     53 |     84 |   4229 |   5 | 1010.6 |
       Dungeon |   5053 |   5000 |     53 |     84 |   4229 |   5 | 1010.6 |
               +--------+--------+--------+--------+--------+-----+--------+

Top non-repeatable levels by time:
     D:1: 1520 daAuts
     D:3: 1476 daAuts
     D:5: 836 daAuts
     D:4: 663 daAuts
     D:2: 556 daAuts
